 Dungeon Crawl Stone Soup version 0.19.5 (webtiles) character file.

39 SYPIAC the Grasshopper (level 3, -17/24 HPs)
             Began as a High Elf Warper on Mar 28, 2017.
             Demolished by an ogre
             ... wielding a +0 giant club
              (21 damage)
             ... on level 4 of the Dungeon.
             The game lasted 00:22:55 (1987 turns).

SYPIAC the Grasshopper (High Elf Warper)            Turns: 1987, Time: 00:22:56

Health: -17/24     AC:  4    Str: 10    XL:     3   Next: 28%
Magic:  4/7        EV: 18    Int: 17    God:
Gold:   77         SH:  0    Dex: 20    Spells: 2 memorised, 3 levels left

rFire  . . .     SeeInvis .     a - +0 falchion
rCold  . . .     Gourm    .     b - +1 leather armour
rNeg   . . .     Faith    .     (no shield)
rPois  .         Spirit   .     (no helmet)
rElec  .         Reflect  .     (no cloak)
rCorr  .         Harm     .     (no gloves)
MR     .....                    (no boots)
Stlth  +++.......               m - amulet of inaccuracy (curse)
                                (no ring)
                                (no ring)

@: agile
A: no striking features
a: no special abilities


You were on level 4 of the Dungeon.
You were not hungry.

You visited 1 branch of the dungeon, and saw 3 of its levels.

You collected 77 gold pieces.

Inventory:

Hand Weapons
 a - a +0 falchion (weapon)
 l - a +0 short sword
Missiles
 j - 6 arrows
 k - 22 bolts
 n - 10 sling bullets
 q - 26 stones (quivered)
Armour
 b - a +1 leather armour (worn)
Jewellery
 m - a cursed amulet of inaccuracy (around neck)
Scrolls
 d - a scroll of blinking
 g - 2 scrolls of identify
 p - a scroll of enchant armour
Books
 c - a book of Spatial Translocations

   Spells                             Type                      Level
   a - Blink                          Translocation                2
   b - Shroud of Golubria             Charms/Translocation         2
   c - Lesser Beckoning               Translocation                3
   d - Portal Projectile              Translocation                3
   e - Teleport Other                 Translocation                3
   f - Passage of Golubria            Translocation                4
Comestibles
 f - a bread ration
 h - a slice of pizza


   Skills:
 + Level 2.2 Fighting
 + Level 3.4 Long Blades
 + Level 1.0 Throwing
 + Level 1.1 Armour
 + Level 2.5 Dodging
 + Level 0.2 Stealth
 + Level 2.6 Spellcasting
 + Level 3.4 Translocations


You had 3 spell levels left.
You knew the following spells:

 Your Spells              Type           Power        Failure   Level  Hunger
a - Shroud of Golubria    Chrm/Tloc      #.........   21%         2    ##.....
b - Blink                 Tloc           N/A          12%         2    ##.....


Dungeon Overview and Level Annotations

Branches:
Dungeon (2/15)

Altars:


Message History

You see here a potion of degeneration.
Casting: Blink
Confirm with . or Enter, or press ? or * to list all spells.
You blink.
The orc closely misses you.
You riposte.
You hit the orc.
The orc is heavily wounded.
An orc priest comes into view.
The orc priest shouts!
There is an open door here.
An orc comes into view. It is wielding a club.
Casting: Blink
Confirm with . or Enter, or press ? or * to list all spells.
You blink.
The orc priest calls down the wrath of Beogh upon you.
Pain shoots through your body!
* * * LOW HITPOINT WARNING * * *
Found a stone staircase leading up.
You open the door. The ogre hits you with a giant club!!
Ouch! That really hurt!
You die...

## ###### ##?##....
.......# ......+ .....
... #'## ########
###@.########.......
#..O........!.......
#...................
#.oo................ .
#..........##....... ..
##...##....##.......
...###...##....#........
.........'.....#........
.........########.......


You could see an ogre, an orc priest and an orc.

Vanquished Creatures
  An adder (D:2)
  A worm (D:2)
  6 bats
  2 giant cockroaches (D:1)
  5 goblins (D:1)
  4 hobgoblins (D:1)
  2 jackals (D:2)
  A frilled lizard (D:1)
  4 kobolds
26 creatures vanquished.

Notes
Turn   | Place    | Note
-------+----------+-------------------------------------------
     0 | D:1      | SYPIAC the High Elf Warper began the quest for the Orb.
     0 | D:1      | Reached XP level 1. HP: 14/14 MP: 4/4
   520 | D:1      | Reached XP level 2. HP: 17/19 MP: 6/6
   595 | D:1      | Learned a level 2 spell: Shroud of Golubria
   600 | D:1      | Learned a level 2 spell: Blink
   755 | D:1      | Reached skill level 1 in Armour
  1558 | D:2      | Reached XP level 3. HP: 14/24 MP: 7/7
  1931 | D:2      | You fall through a shaft for 2 floors!
  1931 | D:4      | Noticed an ogre
  1987 | D:4      | Demolished by an ogre

Skill      XL: |  1  2 |
---------------+-------+-----
Armour         | 1 |  1.1
Long Blades    | 3 |  3.4
Fighting       | |  2.2
Throwing       | |  1.0
Dodging        | |  2.5
Stealth        | |  0.2
Spellcasting   | |  2.6
Translocations | |  3.4

Action                   || total
-------------------------++-------
Melee: Falchion          ||   121
Throw: Tomahawk          ||     5
       Stone             ||     4
 Cast: Shroud of Golubri ||     8
       Blink             ||     5
  Use: Scroll            ||     5
       Potion            ||     1
 Stab: Sleeping          ||     2
  Eat: Chunk             ||     4
Armor: Leather armour    ||    46
Dodge: Dodged            ||    84
       Rpst.: Falchion   ||    24
